 Dungeon Crawl Stone Soup version 0.18-a0-1347-gb9e2fb4 (webtiles) character file.

43 Oddball22 the Slasher (level 3, -1/36 HPs)
             Began as a High Elf Skald on Feb 17, 2016.
             Slain by a gnoll
             ... wielding a +0 club
              (3 damage)
             ... on level 2 of the Dungeon.
             The game lasted 00:02:55 (1637 turns).

Oddball22 the Slasher (High Elf Skald)              Turns: 1637, Time: 00:02:56

Health: -1/36      AC: 21    Str: 11    XL:     3   Next: 37%
Magic:  2/7        EV:  2    Int: 15    God:
Gold:   86         SH:  0    Dex: 16    Spells: 3 memorised, 1 level left

rFire  . . .     SeeInvis .     a - +0 falchion
rCold  . . .     Gourm    .     (armour currently unavailable)
rNeg   + + +     Faith    .     (no shield)
rPois  +         Spirit   .     (helmet currently unavailable)
rElec  .         Dismiss  .     (cloak currently unavailable)
rCorr  .         Reflect  .     (gloves currently unavailable)
SustAt .         Harm     .     (boots currently unavailable)
MR     .....     NoTele   +     (no amulet)
Stlth  +.........               (no ring)
                                (no ring)

@: tree-form, very slightly contaminated, not resistant to hostile enchantments,
very unstealthy
A: no striking features
a: no special abilities


You were on level 2 of the Dungeon.
You were not hungry.
You were a tree.
You visited 1 branch of the dungeon, and saw 2 of its levels.

You collected 86 gold pieces.

Inventory:

Hand Weapons
 a - a +0 falchion (weapon)
Missiles
 n - 40 arrows
Armour
 b - a +0 leather armour (melded)
 i - a +0 pair of gloves (melded)
Wands
 q - a wand of polymorph (8/24)
Scrolls
 g - 4 scrolls of identify {unknown}
 h - a scroll of remove curse {unknown}
 m - a scroll of magic mapping {unknown}
 p - a scroll of recharging {unknown}
Potions
 e - 2 potions of lignification
 l - 2 potions of resistance {unknown}
Books
 c - a book of Battle

   Spells                             Type                      Level
   a - Infusion                       Charms                       1
   b - Shroud of Golubria             Charms/Translocation         2
   c - Song of Slaying                Charms                       2
   d - Spectral Weapon                Hexes/Charms                 3
   e - Regeneration                   Charms/Necromancy            3
Comestibles
 d - 3 bread rations
 f - a meat ration
 j - a slice of pizza
 k - a beef jerky
 o - a chunk of flesh


   Skills:
 - Level 2.0 Fighting
 * Level 4.0 Long Blades
 - Level 0.8 Armour
 + Level 2.2 Dodging
 - Level 2.4 Spellcasting
 - Level 3.6 Charms


You had one spell level left.
You knew the following spells:

 Your Spells              Type           Power        Failure   Level  Hunger
a - Infusion              Chrm           ##..         6%          1    #......
b - Song of Slaying       Chrm           ##......     10%         2    ###....
c - Shroud of Golubria    Chrm/Tloc      #.........   17%         2    ###....


Dungeon Overview and Level Annotations

Branches:
Dungeon (2/15)

Altars:

Annotations:
D:2 Natasha


Message History

You slash the gnoll!
You kill the gnoll!
Your Long Blades skill increases to level 4!
You hit the gnoll but do no damage. The gnoll hits you with a club.
* * * LOW HITPOINT WARNING * * *
You hit the gnoll.
The gnoll is moderately wounded.
The gnoll hits you but does no damage.
You slash the gnoll!
The gnoll is almost dead.
Your song has ended.
The gnoll hits you with a club.
* * * LOW HITPOINT WARNING * * *
You hit the gnoll but do no damage.
The gnoll is almost dead.
The gnoll hits you but does no damage.
You barely miss the gnoll.
The gnoll is almost dead.
The gnoll hits you with a club.
You die...

#. ## ##.##.. ###### #
.....#. ## ..... .. #.
... #.## ##.######.#.##..
#.... ...............##
#.gg
....P.PP....P...###.g
♣..P♣♣♣...♣ ♣P..♣#.#
♣P..♣ ♣..P♣ ♣..##g#
♣P.P♣♣♣P.)♣♣♣..####
...P......P.P..#
...............#
.P..P.......P..# h.
♣P.P♣♣♣P.P♣♣♣P.# .. ♣..P♣
♣...♣ ♣..####...###
♣..P♣♣♣...♣♣♣P...........


You could see a gnoll.

Vanquished Creatures
  2 gnolls (D:2)
  2 worms (D:2)
  2 giant geckos (D:1)
  2 giant cockroaches (D:2)
  A goblin (D:1)
  2 hobgoblins
  2 bats
  A kobold (D:1)
  5 rats
19 creatures vanquished.

Notes
Turn   | Place    | Note
--------------------------------------------------------------
     0 | D:1      | Oddball22 the High Elf Skald began the quest for the Orb.
     0 | D:1      | Reached XP level 1. HP: 14/14 MP: 4/4
   959 | D:1      | Reached XP level 2. HP: 8/19 MP: 6/6
  1138 | D:1      | Learned a level 2 spell: Song of Slaying
  1141 | D:1      | Learned a level 2 spell: Shroud of Golubria
  1296 | D:2      | Noticed Natasha
  1631 | D:2      | Reached XP level 3. HP: 10/24 MP: 2/7
  1632 | D:2      | Reached skill level 4 in Long Blades
  1637 | D:2      | Slain by a gnoll

Vault maps used:
D:1:      matt_arrival_spirals, minivault_25
D:2:      kennysheep_boxes, uniq_iyjb, uniq_natasha

Action                   || total
-------------------------++-------
Melee: Falchion          ||    60
 Cast: Infusion          ||     2
       Song of Slaying   ||     1
  Use: Potion            ||     1
 Stab: Sleeping          ||     1
  Eat: Chunk             ||     2
